 Dungeon Crawl Stone Soup version 0.21.1-1-g345015f (webtiles) character file.

4 tidbits the Insei (level 1, -5/17 HPs)
             Began as a Gnoll Transmuter on Mar 8, 2018.
             Slain by an iguana (10 damage)
             ... on level 2 of the Dungeon.
             The game lasted 00:00:53 (121 turns).

tidbits the Insei (Gnoll Transmuter)                 Turns: 121, Time: 00:00:53

Health: -5/17      AC:  2    Str: 12    XL:     1   Next: 70%
Magic:  6/6        EV: 14    Int: 15    God:
Gold:   0          SH:  0    Dex: 15    Spells: 8/9 levels left

rFire    . . .     SeeInvis .     - Unarmed
rCold    . . .     Gourm    .   (no shield)
rNeg     . . .     Faith    .   b - +0 robe
rPois    .         Spirit   .   (no helmet)
rElec    .         Reflect  .   (no cloak)
rCorr    .         Harm     .   (no gloves)
MR       .....                  (no boots)
Stlth    +.........             (no amulet)
HPRegen  0.05/turn              (no ring)
MPRegen  0.10/turn              (no ring)

@: no status effects
A: distributed training, fangs 1, strong nose
a: no special abilities


You were on level 2 of the Dungeon.
You were not hungry.

You visited 1 branch of the dungeon, and saw 2 of its levels.

Inventory:

Hand Weapons
 f - a +0 dagger
Missiles
 a - 25 arrows
 e - 28 stones (quivered)
Armour
 b - a +0 robe (worn)
Scrolls
 g - a scroll of teleportation {unknown}
 i - a scroll of noise {unknown}
Potions
 h - a potion of haste {unknown}
Books
 c - a book of Changes

   Spells                             Type                      Level
   a - Beastly Appendage              Transmutation                1
   b - Sticks to Snakes               Transmutation                2
   c - Spider Form                    Transmutation/Poison         3
   d - Ice Form                       Ice/Transmutation            4
   e - Blade Hands                    Transmutation                5
Comestibles
 d - 2 rations


   Skills:
 + Level 2.4 Fighting
 + Level 0.1 Short Blades
 + Level 0.1 Long Blades
 + Level 0.1 Axes
 + Level 0.1 Maces & Flails
 + Level 0.1 Polearms
 + Level 0.1 Staves
 + Level 0.1 Slings
 + Level 0.1 Bows
 + Level 0.1 Crossbows
 + Level 0.1 Throwing
 + Level 0.1 Armour
 + Level 4.4 Dodging
 + Level 0.1 Stealth
 + Level 0.1 Shields
 + Level 6.4 Unarmed Combat
 + Level 4.9 Spellcasting
 + Level 0.1 Conjurations
 + Level 0.1 Hexes
 + Level 0.1 Charms
 + Level 0.1 Summonings
 + Level 0.1 Necromancy
 + Level 0.1 Translocations
 + Level 3.6 Transmutations
 + Level 0.1 Fire Magic
 + Level 0.1 Ice Magic
 + Level 0.1 Air Magic
 + Level 0.1 Earth Magic
 + Level 0.1 Poison Magic
 + Level 0.2 Invocations
 + Level 0.1 Evocations


You had 8 spell levels left.
You knew the following spells:

 Your Spells              Type           Power        Failure   Level  Hunger
e - Beastly Appendage     Tmut           ##....       3%          1    None


Dungeon Overview and Level Annotations

Branches:
Dungeon (2/15)

Altars:


Innate Abilities, Weirdness & Mutations

Your experience applies equally to all skills.
You have very sharp teeth.
Your uncanny sense of smell can sniff out nearby items.


Message History

Found 48 stones.
Found a staircase leading out of the dungeon.
You see here 28 stones.
e - 28 stones
Found a ration.
Found a ration.
Found a spear.
You see here a ration.
d - 2 rations (gained 1)
You see here a spear.
A goblin comes into view. It is wielding a dagger.
The goblin shouts!
Casting: Beastly Appendage
Confirm with . or Enter, or press ? or * to list all spells.
You grow a pair of large bovine horns.
You punch the goblin!
You kill the goblin!
You see here a dagger.
f - a dagger You open the door.
There is an open door here.
A leopard gecko comes into view.
The leopard gecko hisses angrily.
Casting: Beastly Appendage
Confirm with . or Enter, or press ? or * to list all spells.
You extend your transformation's duration.
You closely miss the leopard gecko. You headbutt the leopard gecko.
The leopard gecko is heavily wounded.
The leopard gecko barely misses you.
You punch the leopard gecko!
You kill the leopard gecko!
You see here a leopard gecko corpse.
You open the door. You open the door.
Your transformation is almost over.
Found a scroll labeled OROLEOZODA.
You see here a scroll labeled OROLEOZODA.
g - a scroll labeled OROLEOZODA Your horns disappear.
You open the door.
Found 13 arrows and a scroll labeled ROALIY NEPSIV.
Found a stone staircase leading down.
There is an open door here.
Found a fuming white potion.
You see here a fuming white potion.
h - a fuming white potion You see here a scroll labeled ROALIY NEPSIV.
i - a scroll labeled ROALIY NEPSIV You see here 13 arrows.
a - 25 arrows (gained 13)
There is a stone staircase leading down here.
You climb downwards.
A frilled lizard, an iguana and a bat come into view.
Found a ring mail.
Found an escape hatch in the floor.
There is a stone staircase leading up here.
Casting: Beastly Appendage
Confirm with . or Enter, or press ? or * to list all spells.
Your feet morph into talons.
The iguana hisses angrily.
The bat barely misses you.
You miss the bat. Your kick misses the bat. The bat misses you.
You punch the frilled lizard!
You kill the frilled lizard!
Your transformation is almost over.
The bat barely misses you.
You punch the bat!
You kill the bat!
You barely miss the iguana. Your kick misses the iguana. The iguana misses you.
You hit the iguana. Your kick misses the iguana.
The iguana is moderately wounded.
The iguana barely misses you.
You hit the iguana but do no damage. You punch the iguana, but do no damage.
The iguana is moderately wounded.
The iguana bites you.
You barely miss the iguana.
The iguana is moderately wounded.
The iguana bites you!
Ouch! That really hurt!
* * * LOW HITPOINT WARNING * * *
You barely miss the iguana. You claw the iguana.
The iguana is moderately wounded.
The iguana bites you.
* * * LOW HITPOINT WARNING * * *
You hit the iguana. You claw the iguana.
The iguana is almost dead.
You closely miss the iguana.
The iguana is almost dead.
The iguana barely misses you.
You hit the iguana. Your kick misses the iguana.
The iguana is almost dead.
The iguana misses you.
You closely miss the iguana. You bite the iguana, but do no damage.
The iguana is almost dead.
Your talons disappear.
The iguana misses you.
You closely miss the iguana.
The iguana is almost dead.
The iguana bites you!
Ouch! That really hurt!
You die...

..............
##.............
#..............
...............
#..............
...............
...............
....>.l@.......
...............
...[....##.....
....##### ####
... .. .


You could see an iguana.

Vanquished Creatures
  A leopard gecko (D:1)
  A goblin (D:1)
  A bat (D:2)
  A frilled lizard (D:2)
4 creatures vanquished.

Notes
Turn   | Place    | Note
-------+----------+-------------------------------------------
     0 | D:1      | tidbits the Gnoll Transmuter began the quest for the Orb.
     0 | D:1      | Reached XP level 1. HP: 17/17 MP: 6/6
   105 | D:2      | Noticed an iguana
   121 | D:2      | Slain by an iguana

Action                   || total
-------------------------++-------
Melee: Unarmed           ||    16
       Kick              ||     2
       Headbutt          ||     1
       Punch             ||     1
       Bite              ||     1
 Cast: Beastly Appendage ||     3
Dodge: Dodged            ||     9

Table legend:
 A = Turns spent in this place as a percentage of turns spent in the entire game.
 B = Non-inter-level travel turns spent in this place as a percentage of non-inter-level travel turns spent in the entire game.
 C = Inter-level travel turns spent in this place as a percentage of turns spent in this place.
 D = Turns resting spent in this place as a percentage of non-inter-level travel turns spent in this place.
 E = Turns spent auto-exploring this place as a percentage of non-inter-level travel turns spent in this place.
 F = Non-inter-level travel turns spent in this place divided by the number of levels of this place that you've seen.
                   A       B       C       D       E      F
               +-------+-------+-------+-------+-------+----------------------
         Total | 100.0 | 100.0 |   0.0 |   0.0 |   0.0 |  60.5
       Dungeon | 100.0 | 100.0 |   0.0 |   0.0 |   0.0 |  60.5
               +-------+-------+-------+-------+-------+----------------------

Table legend:
 A = Kills in this place as a percentage of kills in entire the game.
 B = Kills by you in this place as a percentage of kills by you in the entire game.
 C = Kills by friends in this place as a percentage of kills by friends in the entire game.
 D = Other kills in this place as a percentage of other kills in the entire game.
 E = Experience gained in this place as a percentage of experience gained in the entire game.
 F = Experience gained in this place divided by the number of levels of this place that you have seen.
                   A       B       C       D       E      F
               +-------+-------+-------+-------+-------+----------------------
         Total | 100.0 | 100.0 |   N/A |   N/A | 100.0 |   3.5
       Dungeon | 100.0 | 100.0 |   N/A |   N/A | 100.0 |   3.5
               +-------+-------+-------+-------+-------+----------------------

Vault maps used:
D:1:      dpeg_arrival_water_temple_mockup
D:2:      lemuel_crystal_altar, minmay_misc_feat_x
